[Event "Early-Titled-Tuesday-Blitz-May-14-2024"]
[Site "Chess.com"]
[Date "2024.05.14"]
[Round "3"]
[White "Let_it_be_1"]
[Black "Agibileg"]
[Result "1/2-1/2"]
[WhiteElo "2634"]
[BlackElo "2900"]
[TimeControl "180+1"]
[EndTime "8:31:28 PDT"]
[Termination "Game drawn by repetition"]

1. e4 c5 2. Nf3 e6 3. d4 cxd4 4. Nxd4 Nc6 5. Nc3 a6 6. Be2 Qc7 7. O-O Nf6 8. a4 Be7 9. Be3 O-O 10. f4 d6 11. Kh1 Nxd4 12. Qxd4 e5 13. Qd3 exf4 14.
Bxf4 Be6 15. Rad1 Rad8 16. Qg3 Rfe8 17. e5 dxe5 18. Bxe5 Qb6 19. Bxf6 Bxf6 20. Rxf6 Qxb2 21. Rxd8 Rxd8 22. Qc7 Re8 23. Rf3 Qxc2 24. Qxb7 h5 25. h3 Rc8 26. Qb4 Rxc3 27. Qxc3 Qxe2 28. Qd4 Qe1+ 29. Kh2 Qa5 30. Re3 Qc7+ 31. Qe5 Qb6 32. Rd3 h4 33. Qd4 Qc7+ 34. Qd6 Qc4 35. Rd4 Qc8 36.
Qd8+ Qxd8 37. Rxd8+ Kh7 38. Rd6 Bc4 39. g3 hxg3+ 40.
Kxg3 f6 41. h4 Kg6 42. a5 Kh6 43. Kf4 Kh5 44. Kg3 Bf1 45. Rd5+ Kh6 46. Kf4 Bc4 47. Rc5 Bf1 48. Ke3 g5 49. hxg5+ fxg5 50. Kf3 Kh5 51. Kg3 Bd3 52. Rd5 Bc4 53. Rd8 Bb5 54.
Rb8 Bc4 55. Rb6 Bd3 56. Rc6 Bb5 57. Rc5 Bf1 58. Rc8 Kg6 59. Rg8+ Kf5 60. Rg7 Kf6 61. Rg8 Bc4 62. Rf8+ Kg6 63. Rc8 Bb5 64. Rc5 Bf1 65.
Kg4 Be2+ 66. Kg3 Bf1 67. Rc6+ Kh5 68. Rc5 Bd3 69. Rc6 Be2 70. Rd6 Bb5 71. Rd5 Bc4 72.
Rd4 Be2 73. Rd2 Bc4 74. Rc2 Bb5 75. Rc3 Bf1 76. Rc5 1/2-1/2

[Event "Early-Titled-Tuesday-Blitz-May-14-2024"]
[Site "Chess.com"]
[Date "2024.05.14"]
[Round "3"]
[White "fen_fire"]
[Black "Andrei_Skvortsov"]
[Result "0-1"]
[WhiteElo "2516"]
[BlackElo "2751"]
[TimeControl "180+1"]
[EndTime "8:31:30 PDT"]
[Termination "Andrei_Skvortsov won on time"]

1. e4 c5 2. Na3 g6 3. Nf3 Bg7 4. c3 Nc6 5. d4 cxd4 6. cxd4 d5 7.
exd5 Nb8 8. Bb5+ Bd7 9. O-O Nf6 10. d6 e6 11. Qb3 O-O 12. Bg5 Nc6 13. Rad1 h6 14.
Bh4 g5 15. Bg3 Ne4 16. Rfe1 Nxg3 17. hxg3 Na5 18. Qa4 Bc6 19. Ne5 Rc8 20. b4 Bxb5 21. Nxb5 Nc6 22. Nxa7 Ra8 23. Naxc6 Rxa4 24. Nxd8 Rxd8 25.
d7 Rxb4 26. d5 Rb6 27. Nc4 Ra6 28. dxe6 fxe6 29. Rd3 Bf8 30. Ne5 Rxa2 31. Rc1 Raa8 32. Rc7 Bg7 33. Ng6 Kf7 34. Rd6 Ra6 35. Rxa6 bxa6 36.
Ra7 Kxg6 37. Rxa6 Kf7 38. Ra7 Bf6 39. Kh2 Ke7 40. Kh3 h5 41. Ra6 Rxd7 42. f3 Rd6 43.
Ra8 Rd7 44. Ra6 Kf7 45. Ra4 Kg6 46. Ra6 Rd1 47. Kh2 Kf7 48. Ra7+ Be7 49. Ra6 Kf6 50. Ra5 Bd6 51. Ra6 h4 52. Kh3 Bxg3 53. Kg4 Rd4+ 54.
Kh3 Rd6 55. Ra8 Kg6 56. Rg8+ Kh6 57. Rh8+ Kg7 58. Re8 Kf7 59. Rh8 Rd4 60. Rh7+ Kg6 61. Re7 e5 62. Re6+ Kf7 63. Re8 Rd1 64. Ra8 Kf6 65.
Ra6+ Kf7 66. Ra7+ Ke6 67. Ra6+ Rd6 68. Ra8 Bf4 69. Re8+ Kd7 70. Ra8 Rd1 71. Ra7+ Kc6 72. Ra6+ Kc7 73. Ra7+ Kb6 74. Ra2 Rh1+ 75. Kg4 Kc5 76.
Re2 Rd1 77. Kh3 Rd2 78. Re4 Rd1 79. Ra4 Rh1+ 80. Kg4 Rh2 81. Ra2 h3 82. Rc2+ Kd6 0-1

[Event "Early-Titled-Tuesday-Blitz-May-14-2024"]
[Site "Chess.com"]
[Date "2024.05.14"]
[Round "3"]
[White "AryanTari"]
[Black "DreamsAreFake"]
[Result "1-0"]
[WhiteElo "3058"]
[BlackElo "2769"]
[TimeControl "180+1"]
[EndTime "8:31:40 PDT"]
[Termination "AryanTari won by resignation"]

1. e4 c6 2. d4 d5 3. exd5 cxd5 4.
Bd3 Nf6 5. h3 Nc6 6. c3 g6 7. Nf3 Bf5 8. O-O Bg7 9. Re1 O-O 10.
Bf1 Qd6 11. Ne5 Nd7 12. Nxd7 Bxd7 13. Nd2 e5 14. dxe5 Nxe5 15. Nb3 Rfe8 16. Be3 b6 17. Bd4 Bf5 18. Nd2 Rad8 19. Qa4 Re7 20. Re3 Bh6 21. Rxe5 Rxe5 22. Bxe5 Qxe5 23. Nf3 Qc7 24.
Nd4 Bd7 25. Bb5 Bg7 26. Bxd7 Bxd4 27. Qxd4 Qxd7 28. Re1 h5 29. h4 Qd6 30. g3 Qd7 31. Rd1 b5 32. Qc5 a6 33. Re1 d4 34. Re7 Qd5 35. Qc7 dxc3 36. Rxf7 Qxf7 37. Qxd8+ Kh7 38. bxc3 Qxa2 39. Qc7+ Kg8 40. Qc8+ Kf7 41. Qd7+ Kf6 42. Qd8+ Ke5 43. Qg5+ Kd6 44. Qxg6+ Qe6 45. Qxh5 Qe1+ 46. Kg2 Qxc3 47. Qh6+ Kc5 48. Qxa6 b4 49. Qc8+ Kd4 50. Qd7+ Kc4 51. Qe6+ Kd3 52. Qf5+ Kd2 53. Qd5+ Kc2 54. Qa2+ Kc1 55. h5 b3 56. Qa3+ Kc2 57. Qa4 Kd2 58. Qf4+ Kd1 59. Qd6+ Kc2 60. Qg6+ Qd3 61. Qxd3+ Kxd3 62.
h6 b2 63. h7 b1=Q 64. h8=Q Qb7+ 65. Kh2 Ke2 66. Qf6 Qh7+ 67. Kg2 Qe4+ 68. f3 Qe3 69. g4 Qf2+ 70. Kh3 Kf1 71. g5 Qg2+ 72. Kh4 Kf2 73.
Kh5 Kg3 74. Qf5 Qh2+ 75. Kg6 Qh8 76. Qg4+ Kf2 77. Qe6 Kg3 78. f4 Kh4 79. f5 Qh5+ 80. Kf6 Qxg5+ 81. Kf7 Qd2 82. f6 Kg5 83. Qe5+ Kg4 84.
Qe4+ Kg5 85. Qg6+ Kh4 86. Kg8 Qd8+ 87. Kh7 Qd7+ 88. f7 Qd8 89. Qh6+ Kg4 90. f8=Q 1-0

[Event "Early-Titled-Tuesday-Blitz-May-14-2024"]
[Site "Chess.com"]
[Date "2024.05.14"]
[Round "3"]
[White "dinushkipremanath"]
[Black "jankarsten"]
[Result "1/2-1/2"]
[WhiteElo "2057"]
[BlackElo "2627"]
[TimeControl "180+1"]
[EndTime "8:31:40 PDT"]
[Termination "Game drawn - insufficient material"]

1. d4 Nf6 2. Nf3 g6 3. Bf4 Bg7 4. Nbd2 O-O 5. e4 d5 6. e5 Ne4 7. Bd3 Nxd2 8. Qxd2 c5 9. c3 cxd4 10. cxd4 Nc6 11. O-O-O Bg4 12. Be3 Qb6 13. Bc2 Nb4 14. Bb3 Bf5 15. Rdg1 Rac8+ 16. Kd1 Bc2+ 17. Ke1 Bxb3 18.
axb3 Qb5 19. Qe2 Nc2+ 20. Kf1 Qxb3 21. g3 Qxb2 22. Kg2 Qc3 23. Rc1 Nxe3+ 24. fxe3 Qb3 25. Rb1 Qc2 26. Qxc2 Rxc2+ 27. Kh3 b6 28. Rb3 Rfc8 29.
Ra1 R2c7 30. g4 e6 31. g5 h6 32. Kg4 hxg5 33. Nxg5 Bh6 34. Nf3 Bf8 35. h4 Be7 36. h5 gxh5+ 37. Kxh5 Kf8 38. Ne1 Rc3 39. Rxc3 Rxc3 40.
Rxa7 Rxe3 41. Ng2 Rh3+ 42. Kg4 Rd3 43. Ra8+ Kg7 44. Ra7 Rxd4+ 45. Nf4 Bc5 46. Kf3 Re4 47. Nxe6+ Kg6 48. Nf4+ Kg7 49. e6 Re3+ 50. Kg4 Re1 51. Rxf7+ Kg8 52. Kf5 Bd6 53. Nxd5 Re5+ 54. Kf6 Rxd5 55.
Rg7+ Kf8 56. e7+ Bxe7+ 57. Rxe7 Rd1 58. Rb7 Rf1+ 59. Ke6 Rb1 60. Kd6 Ke8 61. Kc6 Kd8 62. Rxb6 Rc1+ 63. Kd6 Rd1+ 64. Ke6 Rh1 65. Kd5 Kc7 66.
Rc6+ Kb7 67. Rf6 Rh5+ 68. Ke6 Kc7 69. Rf7+ Kc6 70. Rf5 Rh8 71. Ke5 Re8+ 72. Kf4 Kd6 73. Rf6+ Kd5 74. Rf5+ Kd4 75. Kg4 Re1 76. Rg5 Ke4 77.
Ra5 Rg1+ 78. Kh3 Kf4 79. Ra4+ Kf5 80. Ra3 Rg7 81. Ra4 Rh7+ 82. Kg3 Rd7 83. Kf3 Rd3+ 84. Ke2 Rh3 85. Kf2 Rh5 86. Kg3 Kg6 87. Ra6+ Kg5 88. Ra5+ Kg6 89. Rxh5 Kxh5 1/2-1/2

[Event "Early-Titled-Tuesday-Blitz-May-14-2024"]
[Site "Chess.com"]
[Date "2024.05.14"]
[Round "3"]
[White "Denisenko_Denis"]
[Black "edgarhay012"]
[Result "1-0"]
[WhiteElo "2447"]
[BlackElo "2626"]
[TimeControl "180+1"]
[EndTime "8:31:41 PDT"]
[Termination "Denisenko_Denis won by resignation"]

1. d4 Nf6 2. Nf3 e6 3. Bf4 d6 4. e3 Nbd7 5. h3 Be7 6. Be2 O-O 7. O-O b6 8. a4 a6 9. Nbd2 Bb7 10.
c3 Re8 11. Bh2 Nf8 12. Re1 Ng6 13. Bd3 d5 14. Ne5 Nxe5 15. Bxe5 c5 16. Qf3 Nd7 17.
Bf4 Bf6 18. Qg3 g6 19. Nf3 Rc8 20. h4 Bg7 21. h5 Nf6 22. h6 Nh5 23. Qg4 Nxf4 24.
Qxf4 Bh8 25. Ne5 Qf6 26. Qxf6 Bxf6 27. f4 Rc7 28. g4 Rec8 29. g5 Be7 30. Kf2 Bd6 31.
Ng4 cxd4 32. Nf6+ Kh8 33. cxd4 Be7 34. Ke2 Rc6 35. Nd7 Bb4 36. Red1 Kg8 37. Nf6+ Kh8 38.
Nd7 Bd6 39. Ne5 R6c7 40. Kd2 Kg8 41. Rdc1 Rxc1 42. Rxc1 Rxc1 43. Kxc1 Bc8 44. Kc2 Be7 45.
Kc3 Bd6 46. b4 Be7 47. Nc6 Bd6 48. Kb3 Bc7 49. Ne7+ Kf8 50. Nxc8 Ke8 51. Na7 Kd7 52. b5 a5 53. Nc6 Bd6 54. Ne5+ Ke7 55. e4 f6 56. gxf6+ Kxf6 57. exd5 exd5 58. Kc3 Bb4+ 59.
Kc2 Bd6 60. Kd1 Ke6 61. Ke2 Bf8 62. Ng4 Ba3 63. Kf3 Bb2 64. Ke3 Bc1+ 65. Kf3 Bb2 66. Ne3 Bxd4 67. f5+ gxf5 68. Bxf5+ Kf6 69. Bxh7 Kg5 70.
Nxd5 Kxh6 71. Bc2 Kg5 72. Ke4 Bc5 73. Nc7 Kf6 74. Kd5 Ke7 75. Kc6 Kf6 76. Na8 Ke5 77. Nxb6 Kd4 78. Nd7 Ba7 79. b6 Bxb6 80. Kxb6 Kd5 81.
Kxa5 Kd6 82. Kb6 Kxd7 83. a5 Kc8 84. a6 Kb8 85. a7+ Kc8 86. a8=Q+ Kd7 87. Qd5+ 1-0

[Event "Early-Titled-Tuesday-Blitz-May-14-2024"]
[Site "Chess.com"]
[Date "2024.05.14"]
[Round "3"]
[White "amanjazu"]
[Black "Sosat98"]
[Result "1/2-1/2"]
[WhiteElo "2534"]
[BlackElo "2753"]
[TimeControl "180+1"]
[EndTime "8:31:53 PDT"]
[Termination "Game drawn - insufficient material"]

1. g3 e5 2. Bg2 d5 3. d4 e4 4. c4 c6 5. Nc3 f5 6. Nh3 Na6 7.
O-O Nc7 8. f3 Nf6 9. Bg5 Be7 10. Nf4 O-O 11. cxd5 cxd5 12. fxe4 dxe4 13. Qb3+ Kh8 14. Rad1 Ng4 15. Bxe7 Qxe7 16. h3 Ne3 17. Ncd5 Ncxd5 18. Nxd5 Be6 19. Qxe3 Bxd5 20. b3 g5 21. Rc1 b6 22. Qc3 Rf7 23. e3 Qd6 24. Qe1 Kg7 25.
h4 h6 26. Kh1 Raf8 27. Rg1 Qg6 28. Qd1 Kh7 29. Bh3 Qf6 30. Qh5 Qg6 31. Qxg6+ Kxg6 32. Rcf1 Rf6 33. Rf2 Rc8 34. Rgf1 Be6 35. g4 f4 36. exf4 gxf4 37. Rxf4 Rxf4 38. Rxf4 Rc1+ 39. Kh2 Bd5 40. Bg2 Rc2 41. Kg3 Rc3+ 42. Kh2 Rc2 43. h5+ Kg7 44. Kg3 Rxa2 45. Bxe4 Bxb3 46. d5 Rd2 47. Rf5 a5 48.
Re5 a4 49. Re7+ Kf8 50. Ra7 b5 51. Kf4 Bxd5 52. Bg6 Bc4 53. g5 hxg5+ 54. Kxg5 Rg2+ 55. Kf6 Rf2+ 56. Ke5 Re2+ 57. Kd4 Rh2 58. Kc5 Rh3 59.
Kb4 Rb3+ 60. Kc5 a3 61. h6 Rh3 62. h7 a2 63. Kb4 Rh1 64. Kc5 Rh4 65. Kd6 Rh1 66.
Ke5 Re1+ 67. Kf6 Rf1+ 68. Bf5 Rxf5+ 69. Kxf5 Bd3+ 70. Ke5 Bxh7 71. Ra8+ Ke7 72. Rxa2 Bd3 73.
Ra7+ Kd8 74. Kd4 Bc4 75. Kc5 Kc8 76. Rg7 Kd8 77. Ra7 Ke8 78. Kd6 Kf8 79. Rb7 Kg8 80. Ke5 Kf8 81. Kf6 Ke8 82. Re7+ Kf8 83. Rc7 Ke8 84. Ke5 Kf8 85. Rc8+ Ke7 86. Rc7+ Kd8 87. Kd6 Ke8 88. Re7+ Kf8 89. Re4 Kf7 90. Kc5 Kf6 91. Rxc4 bxc4 92. Kxc4 1/2-1/2

[Event "Early-Titled-Tuesday-Blitz-May-14-2024"]
[Site "Chess.com"]
[Date "2024.05.14"]
[Round "3"]
[White "biveklama"]
[Black "FXDon77"]
[Result "1/2-1/2"]
[WhiteElo "2556"]
[BlackElo "2872"]
[TimeControl "180+1"]
[EndTime "8:33:25 PDT"]
[Termination "Game drawn by 50-move rule"]

1. e4 c5 2. Nf3 Nc6 3. Bb5 e6 4. O-O Nge7 5. Re1 Nd4 6. Nxd4 cxd4 7. c3 a6 8. Bf1 Nc6 9. b4 Bd6 10. a4 Qc7 11. h3 O-O 12. Na3 b6 13. b5 Na5 14.
cxd4 Be7 15. Bb2 axb5 16. Nxb5 Qf4 17. g3 Qh6 18. d5 Bb7 19. d6 Bf6 20. e5 Bg5 21. f4 Bxf4 22. gxf4 Qxf4 23. Qg4 Qxd2 24. Bc1 Qxe1 25. Bh6 Qxe5 26. Re1 Qf6 27. Bg5 Qf5 28. Qg3 Rac8 29. Bd3 Qf3 30. Qxf3 Bxf3 31. Nc7 f6 32.
Be3 Nb7 33. Bxb6 Nxd6 34. a5 Bc6 35. Rd1 Ne8 36. Nb5 Ra8 37. Be2 f5 38. Nd4 Bd5 39.
a6 Nf6 40. Bb5 Rfb8 41. Bc7 Rxb5 42. Nxb5 Rxa6 43. Be5 Ra2 44. Rc1 Rg2+ 45. Kf1 h6 46.
Nd6 Rh2 47. Bxh2 Kh7 48. Be5 Nh5 49. Kf2 Bc6 50. Rd1 g5 51. Rg1 Kg6 52. h4 f4 53.
hxg5 hxg5 54. Rc1 Ng3 55. Rd1 Kh5 56. Nc4 Kg4 57. Ke1 Ne4 58. Bd4 Kf5 59. Ne5 Bb5 60. Rb1 Ba4 61. Ra1 Bb5 62. Ra5 Nd6 63. Nxd7 Ke4 64.
Bc5 Bxd7 65. Bxd6 g4 66. Re5+ Kf3 67. Bc5 g3 68. Re2 Bb5 69. Rd2 g2 70. Bg1 Kg3 71. Rc2 f3 72. Rc3 Be2 73. Re3 Kf4 74. Rxe6 Kg3 75. Re7 Bd3 76. Rg7+ Kf4 77. Kf2 Be2 78. Bh2+ Ke4 79. Re7+ Kd3 80. Bg1 Kd4 81. Re3 Kd5 82. Rc3 Kd4 83. Ra3 Ke4 84. Ra5 Kd3 85. Ra4 Kc3 86. Ke1 Kd3 87. Bf2 Kc3 88. Rf4 Kd3 89. Rd4+ Kc3 90. Rd6 Kc4 91. Kd2 Kb3 92. Rd4 Bf1 93.
Ke3 Be2 94. Re4 Kc3 95. Be1+ Kc2 96. Bf2 Kd1 97. Rb4 Kc2 98. Kd4 Bd3 99. Ra4 Be2 100. Ra2+ Kb3 101. Rd2 Bf1 102. Rd1 Be2 103. Rc1 Kb2 104. Rc3 Bd1 105. Rd3 Kc2 106. Re3 Be2 107. Re5 Kd2 108. Ra5 Kc2 109. Ra3 Bd1 110. Ke3 Be2 111. Kd4 Bd1 112. Ra1 Be2 113. Ra7 Bd1 114. Rc7+ Kd2 115. Ra7 Kc2 116. Ra2+ Kb3 117. Ra1 Kc2 118. Ra3 Be2 119. Kc5 Kd2 120.
Kb4 Bd1 121. Ra2+ Kd3 122. Kc5 Be2 123. Kd5 Kc3 124.
Ra3+ 1/2-1/2

[Event "Early-Titled-Tuesday-Blitz-May-14-2024"]
[Site "Chess.com"]
[Date "2024.05.14"]
[Round "4"]
[White "Art10ECHR"]
[Black "JanMur7"]
[Result "1-0"]
[WhiteElo "2504"]
[BlackElo "2280"]
[TimeControl "180+1"]
[EndTime "8:34:49 PDT"]
[Termination "Art10ECHR won by resignation"]

1. d4 Nf6 2. c4 a6 3. g3 b5 4. Bg2 Ra7 5. Nd2 bxc4 6. Nxc4 Bb7 7. Nf3 e6 8. O-O Be7 9. b3 O-O 10. Bb2 d6 11. Rc1 Nbd7 12. Na5 Bc8 13. Nc6 1-0

[Event "Early-Titled-Tuesday-Blitz-May-14-2024"]
[Site "Chess.com"]
[Date "2024.05.14"]
[Round "4"]
[White "Nikita_Klepikov"]
[Black "olakenn"]
[Result "1-0"]
[WhiteElo "2321"]
[BlackElo "1920"]
[TimeControl "180+1"]
[EndTime "8:35:10 PDT"]
[Termination "Nikita_Klepikov won by checkmate"]

1. e4 c6 2. d4 d5 3. Nd2 dxe4 4.
Nxe4 Bf5 5. Ng3 Bg6 6. N1e2 Nd7 7.
h4 h6 8. Nf4 Ngf6 9. Nxg6 fxg6 10. Bd3 Kf7 11. h5 gxh5 12. Nxh5 Nxh5 13. Qxh5+ Kg8 14.
Bc4+ Kh7 15. Qf5+ g6 16. Qf7+ Bg7 17. Rxh6# 1-0

[Event "Early-Titled-Tuesday-Blitz-May-14-2024"]
[Site "Chess.com"]
[Date "2024.05.14"]
[Round "4"]
[White "Niilo1"]
[Black "dennisodessa"]
[Result "1-0"]
[WhiteElo "2311"]
[BlackElo "2490"]
[TimeControl "180+1"]
[EndTime "8:35:25 PDT"]
[Termination "Niilo1 won by resignation"]

1. e4 e6 2. d4 d5 3. e5 c5 4. c3 Nc6 5. Nf3 Qb6 6. Na3 Bd7 7. Nc2 Nge7 8. Bd3 Nf5 9. O-O cxd4 10. cxd4 Nfxd4 11. Nfxd4 Nxd4 12. Be3 Nxc2 13. Bxb6 Nxa1 14. Bd4 1-0

[Event "Early-Titled-Tuesday-Blitz-May-14-2024"]
[Site "Chess.com"]
[Date "2024.05.14"]
[Round "4"]
[White "ab-lsv"]
[Black "ATM622"]
[Result "0-1"]
[WhiteElo "2355"]
[BlackElo "2551"]
[TimeControl "180+1"]
[EndTime "8:35:26 PDT"]
[Termination "ATM622 won by resignation"]

1. d4 d5 2. c4 e6 3. Nc3 Nf6 4.
Bg5 Be7 5. Nf3 O-O 6. e3 h6 7. Bxf6 Bxf6 8. Rc1 c5 9. dxc5 dxc4 10. Qxd8 Rxd8 11. Bxc4 Nd7 12. b4 a5 13. a3 axb4 14.
axb4 Bxc3+ 0-1

[Event "Early-Titled-Tuesday-Blitz-May-14-2024"]
[Site "Chess.com"]
[Date "2024.05.14"]
[Round "4"]
[White "ploxoi"]
[Black "CristianS27"]
[Result "0-1"]
[WhiteElo "2325"]
[BlackElo "2530"]
[TimeControl "180+1"]
[EndTime "8:35:30 PDT"]
[Termination "CristianS27 won by resignation"]

1. d4 Nf6 2. c4 g6 3. Nc3 Bg7 4. Nf3 d6 5. e4 O-O 6. Be2 e5 7. d5 a5 8. Be3 Na6 9. Nd2 Nc5 10. a3 Ne8 11. b4 axb4 12. axb4 Rxa1 13. Qxa1 Na6 14. Qa2 Nxb4 15. Qa3 Nc2+ 0-1

[Event "Early-Titled-Tuesday-Blitz-May-14-2024"]
[Site "Chess.com"]
[Date "2024.05.14"]
[Round "4"]
[White "CristhianPortalR"]
[Black "Iunusovnuriddin"]
[Result "1-0"]
[WhiteElo "2542"]
[BlackElo "2339"]
[TimeControl "180+1"]
[EndTime "8:36:41 PDT"]
[Termination "CristhianPortalR won by resignation"]

1. e4 e5 2. Nf3 Nc6 3. d4 exd4 4. Nxd4 Bc5 5. Nb3 Bb6 6. Nc3 Nf6 7. Be2 O-O 8. O-O d6 9. Kh1 Re8 10. Nd2 Nd4 11. Bd3 d5 12. exd5 Nxd5 13. Nde4 Nxc3 14.
bxc3 h6 15. cxd4 1-0

[Event "Early-Titled-Tuesday-Blitz-May-14-2024"]
[Site "Chess.com"]
[Date "2024.05.14"]
[Round "4"]
[White "Eliwood44"]
[Black "cycygogne"]
[Result "1-0"]
[WhiteElo "2461"]
[BlackElo "2193"]
[TimeControl "180+1"]
[EndTime "8:36:47 PDT"]
[Termination "Eliwood44 won by resignation"]

1. d4 Nf6 2. Nf3 c5 3. d5 e6 4. c4 exd5 5. cxd5 d6 6. Nc3 g6 7. e4 a6 8. a4 Bg4 9. Be2 Bg7 10.
O-O O-O 11. Nd2 Bxe2 12. Qxe2 Re8 13. Nc4 Nxe4 14. Nxe4 f5 15. Bg5 Qxg5 16. Nxg5 Rxe2 17. Nb6 Ra7 18. Rae1 Rxe1 19. Rxe1 Kf8 20. Ne6+ 1-0

[Event "Early-Titled-Tuesday-Blitz-May-14-2024"]
[Site "Chess.com"]
[Date "2024.05.14"]
[Round "4"]
[White "Guldona_2007"]
[Black "margarita_2703"]
[Result "1-0"]
[WhiteElo "2209"]
[BlackElo "2344"]
[TimeControl "180+1"]
[EndTime "8:36:51 PDT"]
[Termination "Guldona_2007 won by resignation"]

1. e4 e5 2. Nf3 Nc6 3. Bb5 a6 4. Ba4 Nf6 5. O-O Nxe4 6. d4 b5 7. Bb3 d5 8. dxe5 Be6 9. c3 Nc5 10. Bc2 Be7 11. Re1 O-O 12. Nd4 Qd7 13. Nxe6 fxe6 14.
Qh5 g6 15. Bxg6 hxg6 16. Qxg6+ Kh8 17. Qh6+ Kg8 18. Re3 Rf5 19. Rg3+ Kf7 20. Qg6+ 1-0

[Event "Early-Titled-Tuesday-Blitz-May-14-2024"]
[Site "Chess.com"]
[Date "2024.05.14"]
[Round "4"]
[White "chito89"]
[Black "Russian_berezka"]
[Result "1-0"]
[WhiteElo "2798"]
[BlackElo "2598"]
[TimeControl "180+1"]
[EndTime "8:36:55 PDT"]
[Termination "chito89 won by resignation"]

1. e4 g6 2. d4 Bg7 3. Nf3 c6 4. Bd3 d5 5. e5 Bg4 6. Nbd2 e6 7. h3 Bxf3 8. Nxf3 h5 9. c3 Ne7 10. Ng5 Nf5 11. Qf3 c5 12. g4 hxg4 13. hxg4 Rxh1+ 14. Qxh1 Nh6 15. Nxe6 fxe6 16. Bxh6 Kf7 17. Bxg6+ Kg8 18.
Bxg7 1-0

[Event "Early-Titled-Tuesday-Blitz-May-14-2024"]
[Site "Chess.com"]
[Date "2024.05.14"]
[Round "4"]
[White "valik3504"]
[Black "JoliyRoger"]
[Result "1-0"]
[WhiteElo "2554"]
[BlackElo "2423"]
[TimeControl "180+1"]
[EndTime "8:37:10 PDT"]
[Termination "valik3504 won by resignation"]

1. e4 c6 2. d4 d5 3. exd5 cxd5 4. Bd3 Nc6 5. c3 g6 6. Nf3 Bf5 7. O-O Nf6 8. Re1 e6 9. Ne5 Nxe5 10. dxe5 Bxd3 11. Bg5 Bxb1 12. Bxf6 Be7 13. Bxh8 Bf5 14. Bf6 Bxf6 15. exf6 Qxf6 16. Qxd5 Rb8 17. Rad1 Qe7 18.
Qe5 Rc8 19. Qh8+ Qf8 20. Qxh7 Bc2 21. Rxe6+ 1-0

[Event "Early-Titled-Tuesday-Blitz-May-14-2024"]
[Site "Chess.com"]
[Date "2024.05.14"]
[Round "4"]
[White "tgpgoat"]
[Black "Flameboard08"]
[Result "0-1"]
[WhiteElo "2455"]
[BlackElo "2718"]
[TimeControl "180+1"]
[EndTime "8:37:19 PDT"]
[Termination "Flameboard08 won by resignation"]

1. Na3 b6 2. c4 Bb7 3. Nf3 d6 4. d4 Nd7 5. e3 e5 6. dxe5 dxe5 7. Nc2 f6 8. Be2 a5 9. O-O g6 10. b3 Bg7 11. Bb2 Ne7 12. Nd2 O-O 13. Bf3 Bxf3 14. Qxf3 Nc5 15. Ne4 Qd3 16. Nxc5 Qxc2 17. Ne6 Qxb2 18.
Nxf8 Rxf8 19. Qb7 Rc8 20. Rad1 Qxa2 21. Rd7 Re8 22. Qxc7 Qa3 23. Rfd1 Qxb3 24. h4 h5 25. R1d6 Nf5 26. Rd8 Nxd6 27. Qd7 0-1

[Event "Early-Titled-Tuesday-Blitz-May-14-2024"]
[Site "Chess.com"]
[Date "2024.05.14"]
[Round "4"]
[White "JERO-8914"]
[Black "Ginger_GM"]
[Result "0-1"]
[WhiteElo "2400"]
[BlackElo "2655"]
[TimeControl "180+1"]
[EndTime "8:37:26 PDT"]
[Termination "Ginger_GM won by resignation"]

1. c4 f5 2. Nc3 Nf6 3. d4 e6 4.
Bg5 Bb4 5. e3 b6 6. Ne2 Bb7 7.
a3 Be7 8. Nf4 O-O 9. Be2 Ne4 10.
Bxe7 Qxe7 11. Nxe4 fxe4 12. h4 d6 13. Bg4 e5 14. dxe5 Qxe5 15. Be6+ Kh8 16. Bd5 c6 17. h5 cxd5 18. Ng6+ hxg6 19. hxg6+ Kg8 20. Rh5 Rf5 21. Rxf5 Qxf5 22. Qa4 0-1

[Event "Early-Titled-Tuesday-Blitz-May-14-2024"]
[Site "Chess.com"]
[Date "2024.05.14"]
[Round "4"]
[White "remyrushbrooke"]
[Black "NanMKKhineHlyan"]
[Result "1-0"]
[WhiteElo "2326"]
[BlackElo "1814"]
[TimeControl "180+1"]
[EndTime "8:37:27 PDT"]
[Termination "remyrushbrooke won by resignation"]

1. d4 d5 2. Nc3 Nf6 3. Bg5 h6 4.
Bxf6 exf6 5. e3 Nc6 6. Bd3 Bd6 7. Nxd5 Ba3 8. Nxf6+ Qxf6 9. bxa3 O-O 10. Nf3 Bg4 11. Rb1 b6 12. Be2 Na5 13. O-O Nb7 14. h3 Bh5 15. c4 Nd6 16. Qc2 Bg6 17. Bd3 Bxd3 18.
Qxd3 Rad8 19. a4 Nf5 20. a5 Rfe8 21. axb6 axb6 22. Rb5 Nd6 23. Re5 Rxe5 24. dxe5 Qg6 25. Qxg6 fxg6 26. exd6 Rxd6 27. c5 1-0

[Event "Early-Titled-Tuesday-Blitz-May-14-2024"]
[Site "Chess.com"]
[Date "2024.05.14"]
[Round "4"]
[White "InitiatingASC"]
[Black "elcala"]
[Result "1-0"]
[WhiteElo "2427"]
[BlackElo "1877"]
[TimeControl "180+1"]
[EndTime "8:37:32 PDT"]
[Termination "InitiatingASC won by resignation"]

1. d4 d5 2. c4 c6 3. Nf3 Nf6 4. g3 Bf5 5. Bg2 e6 6. O-O Be7 7. b3 h6 8. Bb2 O-O 9. Nbd2 Nbd7 10. Ne5 Nxe5 11. dxe5 Nd7 12. e4 dxe4 13. Nxe4 Nc5 14.
Nd6 Bxd6 15. exd6 Qd7 16. Qd4 f6 17. Qxc5 Rad8 18. Rad1 e5 19. a4 b6 20. Qxc6 Qxc6 21.
Bxc6 Bc2 22. d7 Bxb3 23. Ba3 Bxd1 24. Rxd1 Rf7 25. c5 bxc5 26. Bxc5 a6 27. Bb6 Rdxd7 28. Rxd7 1-0

[Event "Early-Titled-Tuesday-Blitz-May-14-2024"]
[Site "Chess.com"]
[Date "2024.05.14"]
[Round "4"]
[White "Makswolf200817"]
[Black "xasid81"]
[Result "1-0"]
[WhiteElo "2778"]
[BlackElo "2590"]
[TimeControl "180+1"]
[EndTime "8:37:37 PDT"]
[Termination "Makswolf200817 won by resignation"]

1. d4 d6 2. Nf3 Nf6 3. c4 Bg4 4. Nc3 Bxf3 5. exf3 c6 6. f4 e6 7. d5 exd5 8. cxd5 Be7 9. Be2 O-O 10. O-O c5 11. Bd3 Na6 12. Re1 Nc7 13. Qf3 Rb8 14. a4 b6 15. g4 Re8 16. g5 Nd7 17. b3 Bf8 18. Bb2 g6 19. Ne4 Nxd5 20. Bc4 Nb4 21. Qc3 Ne5 22. Nf6+ Kh8 23. Nxe8 Qxe8 24. fxe5 Bg7 25.
exd6 1-0

[Event "Early-Titled-Tuesday-Blitz-May-14-2024"]
[Site "Chess.com"]
[Date "2024.05.14"]
[Round "4"]
[White "Korchmar_Vasiliy"]
[Black "Denisenko_Denis"]
[Result "1-0"]
[WhiteElo "2677"]
[BlackElo "2444"]
[TimeControl "180+1"]
[EndTime "8:37:46 PDT"]
[Termination "Korchmar_Vasiliy won by resignation"]

1. d4 d5 2. c4 c6 3. Nf3 Nf6 4. Qc2 dxc4 5. e4 b5 6. b3 cxb3 7. axb3 Bb7 8. Bd3 g6 9. e5 Nd5 10. Be4 Bg7 11. h4 Na6 12. Rxa6 Nb4 13. Qc3 Nxa6 14. Bxc6+ Bxc6 15. Qxc6+ Kf8 16. Qxa6 Qd5 17. O-O h6 18. Ba3 Kg8 19. Bxe7 Kh7 20. b4 Rhc8 21. Bc5 Rc6 22. Qxb5 Re8 23. Nc3 Qd7 24. d5 1-0

[Event "Early-Titled-Tuesday-Blitz-May-14-2024"]
[Site "Chess.com"]
[Date "2024.05.14"]
[Round "4"]
[White "Pragmatist237"]
[Black "Gnechko_Ruslan"]
[Result "0-1"]
[WhiteElo "2241"]
[BlackElo "2437"]
[TimeControl "180+1"]
[EndTime "8:37:46 PDT"]
[Termination "Gnechko_Ruslan won by resignation"]

1. Nf3 d5 2. d4 Nf6 3. Bg5 e6 4.
g3 Be7 5. Bg2 Nbd7 6. Bxf6 Nxf6 7. c3 O-O 8. Nbd2 c5 9. Ne5 cxd4 10. cxd4 Qb6 11. Nb3 Bb4+ 12. Kf1 a5 13. Qc2 a4 14. Nc5 Bxc5 15. dxc5 Qc7 16. Qc3 Rd8 17. e3 Ne4 18. Bxe4 dxe4 19. Kg2 Rd5 20. Nc4 Rxc5 21. Rhd1 h6 22.
b3 b5 23. Qb4 bxc4 24. bxa4 c3 25. Rab1 c2 0-1

[Event "Early-Titled-Tuesday-Blitz-May-14-2024"]
[Site "Chess.com"]
[Date "2024.05.14"]
[Round "4"]
[White "DarZay"]
[Black "Incognizance"]
[Result "1-0"]
[WhiteElo "2326"]
[BlackElo "1985"]
[TimeControl "180+1"]
[EndTime "8:37:46 PDT"]
[Termination "DarZay won by checkmate"]

1. e4 c5 2. Nf3 Nc6 3. d4 cxd4 4. Nxd4 e5 5. Nb5 d6 6. c4 Be6 7. N5c3 Be7 8. Nd5 Nf6 9. Bd3 Nd4 10. Nbc3 O-O 11. O-O Bxd5 12. Nxd5 Nxd5 13. cxd5 Bg5 14. f4 Bxf4 15. Bxf4 exf4 16. Rxf4 Qb6 17. Kh1 Nb5 18. Rh4 Nc7 19. e5 g6 20. Qd2 f5 21. e6 Nxd5 22. Bc4 Ne7 23. Qh6 Rfc8 24. Qxh7+ Kf8 25. Qf7# 1-0